 Dungeon Crawl Stone Soup version 0.26-a0-259-g1effd001a9 (webtiles) character file.

Game seed: 18165879143855751221

136 tilp the Charmwright (level 5, -2/43 HPs)
             Began as a Gnoll Skald on July 25, 2020.
             Slain by an ogre
             ... wielding a +0 giant club
              (7 damage)
             ... on level 4 of the Dungeon.
             The game lasted 00:04:11 (3091 turns).

tilp the Charmwright (Gnoll Skald)                  Turns: 3091, Time: 00:04:11

Health: -2/43      AC: 11    Str: 13    XL:     5   Next: 19%
Magic:  9/12       EV: 14    Int: 16    God:
Gold:   146        SH:  0    Dex: 15    Spells: 3/14 levels left

rFire    . . .     SeeInvis .   a - +2 dagger (vamp)
rCold    . . .     Faith    .   (no shield)
rNeg     . . .     Spirit   .   h - +0 leather armour
rPois    .         Reflect  .   x - +0 helmet
rElec    .         Harm     .   (no cloak)
rCorr    .                      v - +0 pair of gloves
MR       .....                  (no boots)
Stlth    ++........             (no amulet)
HPRegen  0.14/turn              (no ring)
MPRegen  0.13/turn              (no ring)

@: icy armour, very slightly contaminated
A: distributed training, fangs 1, strong nose
a: no special abilities


You were on level 4 of the Dungeon.
You were not hungry.

You visited 1 branch of the dungeon, and saw 4 of its levels.

You collected 146 gold pieces.

Inventory:

Hand Weapons
 a - a +2 vampiric dagger (weapon)
 b - a +0 spear
 l - a +0 hunting sling
 o - a +1 whip of venom
 s - a cursed -2 flail
Missiles
 c - 41 arrows
 e - a throwing net (quivered)
 g - 46 stones
Armour
 h - a +0 leather armour (worn)
 v - a +0 pair of gloves (worn)
 x - a +0 helmet (worn)
Jewellery
 y - a +6 ring of strength {unknown}
 z - a +6 ring of strength {unknown}
Scrolls
 j - a scroll of remove curse {unknown}
 k - a scroll of identify {unknown}
 m - a scroll of teleportation
 p - a scroll of enchant armour {unknown}
 q - a scroll of magic mapping {unknown}
 r - a scroll of enchant weapon {unknown}
 t - a scroll of blinking {unknown}
 w - 2 scrolls of amnesia
Potions
 f - 2 potions of mutation {unknown}
 i - a potion of flight {unknown}
 n - 2 potions of curing {unknown}
 u - a potion of brilliance {unknown}
Comestibles
 d - 14 rations


   Skills:
 + Level 4.7 Fighting
 + Level 1.3 Short Blades
 + Level 1.3 Long Blades
 + Level 1.3 Axes
 + Level 1.3 Maces & Flails
 + Level 4.7 Polearms
 + Level 1.3 Staves
 + Level 1.3 Slings
 + Level 1.3 Bows
 + Level 1.3 Crossbows
 + Level 1.3 Throwing
 + Level 2.9 Armour
 + Level 4.7 Dodging
 + Level 1.3 Stealth
 + Level 1.3 Shields
 + Level 1.3 Unarmed Combat
 + Level 5.1 Spellcasting
 + Level 1.1 Conjurations
 + Level 1.1 Hexes
 + Level 5.5 Charms
 + Level 1.1 Summonings
 + Level 1.1 Necromancy
 + Level 1.1 Translocations
 + Level 1.1 Transmutations
 + Level 1.1 Fire Magic
 + Level 1.1 Ice Magic
 + Level 1.1 Air Magic
 + Level 1.1 Earth Magic
 + Level 1.1 Poison Magic
 + Level 1.5 Invocations
 + Level 1.3 Evocations


You had 3 spell levels left.
You knew the following spells:

 Your Spells              Type           Power        Failure   Level
a - Infusion              Chrm           ###.         1%          1
b - Song of Slaying       Chrm           ###.....     3%          2
c - Shroud of Golubria    Chrm/Tloc      ##....       8%          2
d - Ozocubu's Armour      Chrm/Ice       ##......     14%         3
e - Spectral Weapon       Hex/Chrm       ##......     14%         3

Your spell library contained the following spells:

 Spells                   Type           Power        Failure   Level


Dungeon Overview and Level Annotations

Branches:
Dungeon (4/15)
 Temple: D:4-7

Altars:
Dithmenos


Innate Abilities, Weirdness & Mutations

Your experience applies equally to all skills.
You have very sharp teeth.
Your uncanny sense of smell can sniff out nearby items.


Message History

You hit the ogre.
You feel better.
The ogre is heavily wounded.
The ogre hits you with a +0 giant club!!
Ouch! That really hurt!
* * * LOW HITPOINT WARNING * * *
You barely miss the ogre.
The ogre is heavily wounded.
You hit the ogre.
You feel better.
The ogre is severely wounded.
The ogre hits you with a +0 giant club.
* * * LOW HITPOINT WARNING * * *
You hit the ogre but do no damage.
The ogre is severely wounded.
The ogre closely misses you.
You hit the ogre.
You feel better.
The ogre is severely wounded.
You hit the ogre.
You feel better.
You bite the ogre.
The ogre is almost dead.
The ogre hits you with a +0 giant club!
You die...

#. ....# ..... #. ....#
...... #. ...##..##### #.
#......#$$?#. #.
#......#)$$#..
#.###......#[)%#...
#####..........#####...
#.......................##
##.#######.#@O............#
#.##........#....#
..##.............##
...##...............
....##.......#.....#.
.#...##......###...###
......##......(#..#..#.
######..........
#..........


You could see an ogre.

Vanquished Creatures
  A worker ant (D:3)
  4 adders
  An ooze (D:1)
  A worm (D:2)
  A dart slug (D:1)
  3 leopard geckos
  2 orcs (D:3)
  5 bats
  7 giant cockroaches
  8 goblins
  6 hobgoblins
  2 jackals (D:1)
  7 kobolds
  A quokka (D:3)
  A ball python (D:4)
  2 frilled lizards (D:1)
  9 rats
61 creatures vanquished.

Notes
Turn   | Place    | Note
-------+----------+-------------------------------------------
     0 | D:1      | tilp the Gnoll Skald began the quest for the Orb.
     0 | D:1      | Reached XP level 1. HP: 20/20 MP: 6/6
   210 | D:1      | Reached XP level 2. HP: 26/26 MP: 7/7
   423 | D:1      | Reached XP level 3. HP: 31/31 MP: 9/9
   486 | D:1      | Reached skill level 5 in Spellcasting
   739 | D:1      | Reached skill level 1 in Invocations
  1122 | D:2      | Reached skill level 1 in Short Blades
  1122 | D:2      | Reached skill level 1 in Long Blades
  1122 | D:2      | Reached skill level 1 in Axes
  1122 | D:2      | Reached skill level 1 in Maces & Flails
  1122 | D:2      | Reached skill level 1 in Staves
  1122 | D:2      | Reached skill level 1 in Slings
  1122 | D:2      | Reached skill level 1 in Bows
  1122 | D:2      | Reached skill level 1 in Crossbows
  1122 | D:2      | Reached skill level 1 in Throwing
  1122 | D:2      | Reached skill level 1 in Stealth
  1122 | D:2      | Reached skill level 1 in Shields
  1122 | D:2      | Reached skill level 1 in Unarmed Combat
  1122 | D:2      | Reached skill level 1 in Evocations
  1126 | D:2      | Learned a level 2 spell: Song of Slaying
  1129 | D:2      | Learned a level 2 spell: Shroud of Golubria
  1133 | D:2      | Learned a level 3 spell: Ozocubu's Armour
  1137 | D:2      | Learned a level 3 spell: Spectral Weapon
  1275 | D:2      | Reached XP level 4. HP: 34/38 MP: 11/11
  2011 | D:3      | Reached skill level 1 in Conjurations
  2011 | D:3      | Reached skill level 1 in Hexes
  2011 | D:3      | Reached skill level 1 in Summonings
  2011 | D:3      | Reached skill level 1 in Necromancy
  2011 | D:3      | Reached skill level 1 in Translocations
  2011 | D:3      | Reached skill level 1 in Transmutations
  2011 | D:3      | Reached skill level 1 in Fire Magic
  2011 | D:3      | Reached skill level 1 in Ice Magic
  2011 | D:3      | Reached skill level 1 in Air Magic
  2011 | D:3      | Reached skill level 1 in Earth Magic
  2011 | D:3      | Reached skill level 1 in Poison Magic
  2138 | D:3      | Found a shadowy altar of Dithmenos.
  2715 | D:4      | Noticed a phantom
  2917 | D:4      | Noticed an ogre
  2934 | D:3      | Reached XP level 5. HP: 33/43 MP: 6/12
  3088 | D:4      | HP: 1/43 [ogre/+0 giant club (5)]
  3091 | D:4      | Slain by an ogre

Illustrated notes

Levels and vault maps discovered:
D:1:      mrwooster_arrival_arrow, layout_basic
D:2:      layout_loops_cross, serial_forest, infiniplex_forest_straight_2,
          infiniplex_forest_lined_2, infiniplex_forest_straight_4,
          infiniplex_forest_3_way, infiniplex_forest_straight_3,
          infiniplex_forest_end_1, infiniplex_forest_end_2,
          infiniplex_forest_clump_long
D:3:      layout_loops_ring, old_standard_altar, serial_forest,
          infiniplex_forest_clump_double, infiniplex_forest_clump_double,
          infiniplex_forest_end_3, infiniplex_forest_lined_3,
          infiniplex_forest_straight_5, infiniplex_forest_clump_double,
          first_ration, minmay_unequal
D:4:      layout_basic, hangedman_ru_absence, lemuel_coloured_pillars_altar,
          serial_glass, glass_columns_c, glass_columns_b, due_unseen_surprise,
          minmay_strange_pillars, minmay_strange_pillars, feat_on_display,
          corexii_leaking_fountain

Skill      XL: |  1  2  3  4 |
---------------+-------------+-----
Spellcasting   | 5 |  5.1
Invocations    | 1 |  1.5
Short Blades   | 1 |  1.3
Long Blades    | 1 |  1.3
Axes           | 1 |  1.3
Maces & Flails | 1 |  1.3
Staves         | 1 |  1.3
Slings         | 1 |  1.3
Bows           | 1 |  1.3
Crossbows      | 1 |  1.3
Throwing       | 1 |  1.3
Stealth        | 1 |  1.3
Shields        | 1 |  1.3
Unarmed Combat | 1 |  1.3
Evocations     | 1 |  1.3
Conjurations   | 1 |  1.1
Hexes          | 1 |  1.1
Summonings     | 1 |  1.1
Necromancy     | 1 |  1.1
Translocations | 1 |  1.1
Transmutations | 1 |  1.1
Fire Magic     | 1 |  1.1
Ice Magic      | 1 |  1.1
Air Magic      | 1 |  1.1
Earth Magic    | 1 |  1.1
Poison Magic   | 1 |  1.1
Fighting       | |  4.7
Polearms       | |  4.7
Armour         | |  2.9
Dodging        | |  4.7
Charms         | |  5.5

Action                   |  1- 3 |  4- 6 || total
-------------------------+-------+-------++-------
Melee: Spear             |    58 |       ||    58
       Dagger            |    82 |    86 ||   168
       Bite              |    11 |    13 ||    24
       Punch             |     2 |     1 ||     3
 Cast: Infusion          |     1 |     4 ||     5
       Ozocubu's Armour  |       |     1 ||     1
  Use: Scroll            |     1 |     2 ||     3
 Stab: Sleeping          |     3 |     1 ||     4
  Eat: Ration            |     1 |     1 ||     2
Armor: Leather armour    |    27 |    14 ||    41
Dodge: Dodged            |    78 |    60 ||   138

Table legend:
 A = Non-vault XP
 B = Vault XP
 C = Vault XP percentage of total XP
 D = Non-vault monster count
 E = Vault monster count
 F = Vault count percentage of total count
                 A         B        C        D         E       F
            +---------+---------+-------+---------+---------+-------
      Total |     187 |       8 |   4.1 |      57 |       4 |   6.6
            +---------+---------+-------+---------+---------+-------
        D:1 |      61 |       0 |   0.0 |      31 |       0 |   0.0
        D:2 |      47 |       0 |   0.0 |      11 |       0 |   0.0
        D:3 |      78 |       8 |   9.3 |      14 |       4 |  22.2
        D:4 |       1 |       0 |   0.0 |       1 |       0 |   0.0
            +---------+---------+-------+---------+---------+-------
